 Dungeon Crawl Stone Soup version 0.24.0-13-gcf9b319 (webtiles) character file.

Game seed: 3839095554920458733, levelgen mode: deterministic

1913 Firecrotchwizard the Cleaver (level 9, 0/118 HPs)
             Began as a Hill Orc Gladiator on Nov 21, 2019.
             Was a Follower of Beogh.
             Shot with a sling bullet by Joseph (1 damage)
             ... on level 7 of the Dungeon on Dec 1, 2019.
             The game lasted 00:10:44 (6509 turns).

Firecrotchwizard the Cleaver (Hill Orc Gladiator)   Turns: 6509, Time: 00:10:45

Health: 0/118      AC: 24    Str: 25    XL:     9   Next: 16%
Magic:  9/9        EV:  2    Int:  8    God:    Beogh [*.....]
Gold:   319        SH:  0    Dex: 12    Spells: 8/8 levels left

rFire    . . .     SeeInvis .   a - +0 war axe
rCold    . . .     Gourm    .   (no shield)
rNeg     + + +     Faith    .   (armour currently unavailable)
rPois    +         Spirit   .   (helmet currently unavailable)
rElec    .         Reflect  .   (cloak currently unavailable)
rCorr    .         Harm     .   (gloves currently unavailable)
MR       .....     NoTele   +   (boots currently unavailable)
Stlth    +.........             (no amulet)
HPRegen  0.29/turn              s - ring of poison resistance {rPois, !d}
MPRegen  0.11/turn              (no ring)

@: mighty, tree-form, berserk cooldown, very slightly contaminated, slowed,
invisible, very slow
A: no striking features
a: Renounce Religion


You were on level 7 of the Dungeon.
You worshipped Beogh.
Beogh was aware of your devotion.
You were not hungry.
You were a tree.
You visited 1 branch of the dungeon, and saw 7 of its levels.

You collected 319 gold pieces.

Inventory:

Hand Weapons
 a - a +0 war axe (weapon)
Missiles
 d - 4 throwing nets {=f, !d}
 p - 4 curare-tipped darts
Armour
 b - a +0 leather armour
 c - a +0 helmet
 t - a +0 chain mail (melded)
   (You found it on level 3 of the Dungeon)
 x - a +1 helmet of see invisible (melded)
   (You found it on level 5 of the Dungeon)
Jewellery
 s - a ring of poison resistance (left branch) {rPois, !d}
   (You found it on level 3 of the Dungeon)
 B - an uncursed ring of positive energy {unknown}
   (You found it on level 7 of the Dungeon)
Scrolls
 h - 15 scrolls of identify
 i - 4 scrolls of teleportation {unknown}
 j - a scroll of immolation {unknown}
 k - a scroll of fog {unknown}
 m - a scroll of enchant armour {unknown}
 o - 4 scrolls of remove curse {unknown}
 r - a scroll of noise {unknown}
 u - 2 scrolls of blinking {unknown}
 v - 2 scrolls of amnesia {unknown}
 w - a scroll of enchant weapon {unknown}
 y - a scroll of vulnerability {unknown}
Potions
 e - 2 potions of lignification {!q}
 l - a potion of haste {unknown}
 q - a potion of flight
Comestibles
 f - 7 rations


   Skills:
 + Level 7.3 Fighting
 * Level 11.3 Axes
 - Level 1.7 Throwing
 + Level 5.5 Armour
 - Level 3.1 Dodging


You had 8 spell levels left.
You didn't know any spells.
Your spell library was empty.

Dungeon Overview and Level Annotations

Branches:
Dungeon (7/15)             Temple (0/1) D:4

Altars:
Kikubaaqudgha
Okawaru
Trog
Yredelemnul

Shops:
D:6 *

Annotations:
D:5 3 runed translucent doors, CowFu's ghost, novice GrFi
D:7 Joseph


Message History

Really walk into a travel-excluded area?
There is a stone staircase leading down here.
You climb downwards.
There is a stone staircase leading up here.
All of the chunks of flesh in your inventory have rotted away.
B - a garnet ring
Found a stone staircase leading up.
An orc wizard comes into view.
It is wielding a +0 dagger and wearing a +2 robe of positive energy.
The orc wizard shouts!
Something unseen opens the door.
The orc wizard casts a spell at you. The magic dart hits you.
Joseph, a Mercenary comes into view.
He is wielding a +0 quarterstaff and carrying a wand of disintegration (15).
Joseph shouts!
You take 3 damage, and have 76/79 hp.
You close the door.
Joseph zaps a wand.
You are blasted!
You take 24 damage, and have 53/79 hp.
MASSIVE DAMAGE!!
The orc wizard casts a spell.
The orc wizard flickers and vanishes for a moment.
Joseph unwields a +0 quarterstaff.
Joseph wields a +2 hunting sling of velocity.
Joseph shoots a sling bullet.
The sling bullet completely misses the orc wizard.
The sling bullet hits you!
You take 10 damage, and have 44/79 hp.
Joseph zaps a wand.
The orc wizard is blasted!
The orc wizard points at you and mumbles some strange words.
You easily resist.
The orc wizard casts a spell at you.
You are confused.
Joseph shoots a sling bullet.
The sling bullet hits the orc wizard!!
The orc wizard dies!
You bump into the rock wall.
You bump into the rock wall.
You aren't carrying any items that you can evoke.
Okay, then.
Really quaff
e - 3 potions of lignification {!q}?
Really quaff the potion of lignification?
You turn into a tree.
Your +1 helmet of see invisible melds into your body.
Your +0 chain mail melds into your body.
You feel less perceptive.
Your roots penetrate the ground.
Joseph shoots a sling bullet.
The sling bullet hits you.
You now have 66/118 hp.
You feel less confused.
Joseph zaps a wand.
You are blasted!
You take 13 damage, and have 53/118 hp.
Joseph shoots a sling bullet.
The sling bullet barely misses you.
Joseph zaps a wand.
You are blasted!
* * * LOW HITPOINT WARNING * * *
You take 28 damage, and have 25/118 hp.
MASSIVE DAMAGE!!
Joseph shoots a sling bullet.
The sling bullet completely misses you.
Unknown command.
Joseph shoots a sling bullet.
The sling bullet hits you but does no damage.
It was a potion of flight.
Your roots keep you in place.
Joseph zaps a wand.
You are blasted!
* * * LOW HITPOINT WARNING * * *
You take 14 damage, and have 12/118 hp.
It was a potion of magic.
Magic courses through your body.
Joseph shoots a sling bullet.
The sling bullet hits you but does no damage.
It was a potion of might.
You feel very mighty all of a sudden.
Joseph zaps a wand.
You are blasted!
* * * LOW HITPOINT WARNING * * *
You take 4 damage, and have 8/118 hp.
It was a potion of invisibility.
You fade into invisibility!
You are very lightly contaminated with residual magic.
It was a potion of berserk rage.
A red film seems to cover your vision as you go berserk!
You feel yourself moving faster!
You feel mighty!
You now have 13/177 hp.
Joseph is nearby!
You cannot move.
You cannot move.
You feel a strong urge to attack something.
Joseph zaps a wand.
You struggle to resist.
You feel your anger nearly subside.
Joseph shoots a sling bullet.
The sling bullet hits you!
* * * LOW HITPOINT WARNING * * *
x2 You take 8 damage, and have 5/177 hp.
Unknown command.
You are no longer berserk.
You are exhausted.
You feel yourself slow down.
Joseph shoots a sling bullet.
The sling bullet hits you.
* * * LOW HITPOINT WARNING * * *
You die...

#.# #.# #.#
#.# #.# #.#
#(# #.# #♣#
#.# #.# #@#
#.#. .#
#.#.@...#.#
#(#. .%.#.#
#.#.
.o<#.##
#.#. .....


You could see Joseph.

Vanquished Creatures
  Pikel (D:4)
  Duvessa (D:4)
  2 sky beasts
  A phantom (D:6)
  3 ogres
  Blork the orc (D:4)
  Dowan (D:4)
  A scorpion (D:5)
  2 crimson imps (D:5)
  A bullfrog zombie (D:4)
  A jelly (D:5)
  2 centaur skeletons (D:4)
  An orc priest (D:4)
  A hound (D:4)
  5 orc wizards
  An iguana (D:6)
  2 worker ants
  A hound zombie (D:4)
  2 worker ant zombies
  7 adders
  A gnoll (D:3)
  A howler monkey skeleton (D:4)
  2 shadow imps
  An adder skeleton (D:4)
  6 worms
  A dart slug (D:1)
  2 leopard geckos
  12 orcs
  10 bats
  7 giant cockroaches
  10 goblins
  12 hobgoblins
  7 jackals
  5 kobolds (D:1)
  2 quokkas
  9 frilled lizards
  A jackal skeleton (D:5)
  2 leopard gecko zombies
  A quokka skeleton (D:4)
  9 rats
138 creatures vanquished.

Vanquished Creatures (others)
  A slave (D:4)
  An orc priest (D:4)
  2 orc wizards
  A howler monkey zombie (D:4)
  A worker ant zombie (D:4)
  An adder zombie (D:4)
  3 orcs (D:4)
  A giant cockroach (D:4)
11 creatures vanquished.

Grand Total: 149 creatures vanquished

Notes
Turn   | Place    | Note
-------+----------+-------------------------------------------
     0 | D:1      | Firecrotchwizard the Hill Orc Gladiator began the quest for
                  | the Orb.
     0 | D:1      | Reached XP level 1. HP: 18/18 MP: 1/1
   177 | D:1      | Reached XP level 2. HP: 24/25 MP: 2/2
   223 | D:1      | Reached skill level 3 in Fighting
   223 | D:1      | Reached XP level 3. HP: 21/31 MP: 3/3
   403 | D:1      | Reached skill level 5 in Axes
  1097 | D:2      | Found an iron altar of Okawaru.
  1123 | D:2      | Reached XP level 4. HP: 38/38 MP: 4/4
  1470 | D:2      | Reached skill level 3 in Dodging
  1641 | D:2      | Reached XP level 5. HP: 30/45 MP: 5/5
  1857 | D:2      | Reached skill level 6 in Axes
  2396 | D:3      | Found an ancient bone altar of Kikubaaqudgha.
  2929 | D:3      | Found a bloodstained altar of Trog.
  2929 | D:3      | Found a basalt altar of Yredelemnul.
  3013 | D:4      | Found a staircase to the Ecumenical Temple.
  3026 | D:4      | Noticed Duvessa
  3026 | D:4      | Noticed Dowan
  3175 | D:4      | Reached skill level 4 in Fighting
  3175 | D:4      | Reached skill level 1 in Armour
  3175 | D:4      | Reached XP level 6. HP: 32/52 MP: 6/6
  3186 | D:4      | Reached skill level 7 in Axes
  3367 | D:4      | Noticed a slave
  3367 | D:4      | Noticed a slave
  3368 | D:4      | Noticed Pikel
  3368 | D:4      | Noticed a slave
  3369 | D:4      | Noticed a slave
  3401 | D:4      | HP: 12/52 [Pikel/+1 whip of flaming (3)]
  3412 | D:4      | HP: 13/52 [Pikel/+1 whip of flaming (1)]
  3420 | D:4      | HP: 5/52 [Pikel/+1 whip of flaming (4)]
  3424 | D:4      | Killed Pikel
  3424 | D:4      | Reached skill level 5 in Fighting
  3424 | D:4      | Reached skill level 8 in Axes
  3424 | D:4      | Reached skill level 3 in Armour
  3424 | D:4      | Reached XP level 7. HP: 5/61 MP: 7/7
  3733 | D:4      | Became a worshipper of Beogh the Brigand
  4056 | D:4      | Killed Duvessa
  4056 | D:4      | Reached skill level 9 in Axes
  4056 | D:4      | Reached XP level 8. HP: 62/70 MP: 8/8
  4063 | D:4      | Killed Dowan
  4292 | D:4      | Noticed Blork the orc
  4302 | D:4      | Killed Blork the orc
  4538 | D:4      | Reached skill level 6 in Fighting
  4538 | D:4      | Reached skill level 4 in Armour
  4773 | D:5      | Entered Level 5 of the Dungeon
  5116 | D:5      | Reached skill level 10 in Axes
  5120 | D:5      | Noticed CowFu's ghost (novice GrFi)
  5166 | D:5      | Reached * piety under Beogh
  5326 | D:5      | Found a runed translucent gate.
  5326 | D:5      | Found a runed translucent gate.
  5326 | D:5      | Found a runed translucent gate.
  5705 | D:6      | Reached skill level 5 in Armour
  5855 | D:6      | Reached skill level 7 in Fighting
  5855 | D:6      | Reached XP level 9. HP: 77/79 MP: 9/9
  5866 | D:6      | Reached skill level 11 in Axes
  5942 | D:6      | Found Siguytif's Superlative Supplies.
  6473 | D:7      | Noticed Joseph
  6498 | D:7      | HP: 25/118 [disintegration (28)]
  6501 | D:7      | HP: 12/118 [disintegration (14)]
  6508 | D:7      | HP: 6/177 [Joseph/sling bullet (7)]
  6509 | D:7      | HP: 1/118 [Joseph/sling bullet (3)]
  6509 | D:7      | Shot with a sling bullet by Joseph

Levels and vault maps discovered:
D:1:      matt_arrival_los_fun, layout_rooms, minmay_pentomino_t4
D:2:      cheibrodos_helix_gallery, layout_basic,
          nicolae_overflow_hidden_temple, minmay_statues_item, glass_columns_a
D:3:      layout_basic, kiku_gazebo_pond_becter,
          gammafunk_temple_overflow_statue, minmay_box_of_dots
D:4:      layout_loops_corners, temple_pool_b, first_ration, serial_undead,
          serial_undead_a, serial_undead_e, serial_undead_a, serial_undead_d,
          serial_undead_b, uniq_blork_the_orc, uniq_duvessa, uniq_pikel
D:5:      layout_loops_ring, gammafunk_ghost_split
D:6:      layout_basic, nicolae_alphabet_shops, hangedman_decor_clover_reticule,
          lemuel_flamethrower_2
D:7:      layout_basic, uniq_joseph

Skill      XL: |  1  2  3  4  5  6  7  8  9 |
---------------+----------------------------+-----
Fighting       | 3 4 5 7 |  7.3
Axes           | 5 6 8 9 10 11 | 11.3
Dodging        | 3 |  3.1
Armour         | 1 3 5 |  5.5
Throwing       | |  1.7

Action                   |  1- 3 |  4- 6 |  7- 9 || total
-------------------------+-------+-------+-------++-------
Melee: War axe           |   117 |   200 |   178 ||   495
Invok: Convert to Beogh  |       |       |     1 ||     1
  Use: Potion            |       |     2 |     6 ||     8
       Scroll            |       |     1 |       ||     1
  Eat: Chunk             |     1 |     7 |     7 ||    15
       Ration            |       |       |     1 ||     1
Armor: Leather armour    |    48 |    37 |       ||    85
       Chain mail        |       |    61 |    85 ||   146
       Skin              |       |       |     2 ||     2
Dodge: Dodged            |   108 |   133 |    60 ||   301

Levels and vault maps discovered:
D:1:      matt_arrival_los_fun, layout_rooms, minmay_pentomino_t4
D:2:      cheibrodos_helix_gallery, layout_basic,
          nicolae_overflow_hidden_temple, minmay_statues_item, glass_columns_a
D:3:      layout_basic, kiku_gazebo_pond_becter,
          gammafunk_temple_overflow_statue, minmay_box_of_dots
D:4:      layout_loops_corners, temple_pool_b, first_ration, serial_undead,
          serial_undead_a, serial_undead_e, serial_undead_a, serial_undead_d,
          serial_undead_b, uniq_blork_the_orc, uniq_duvessa, uniq_pikel
D:5:      layout_loops_ring, gammafunk_ghost_split
D:6:      layout_basic, nicolae_alphabet_shops, hangedman_decor_clover_reticule,
          lemuel_flamethrower_2
D:7:      layout_basic, uniq_joseph

Table legend:
 A = Turns spent in this place as a percentage of turns spent in the entire game.
 B = Non-inter-level travel turns spent in this place as a percentage of non-inter-level travel turns spent in the entire game.
 C = Inter-level travel turns spent in this place as a percentage of turns spent in this place.
 D = Turns resting spent in this place as a percentage of non-inter-level travel turns spent in this place.
 E = Turns spent auto-exploring this place as a percentage of non-inter-level travel turns spent in this place.
 F = Non-inter-level travel turns spent in this place divided by the number of levels of this place that you've seen.
                   A       B       C       D       E      F
               +-------+-------+-------+-------+-------+----------------------
         Total | 100.0 | 100.0 |   3.1 |  35.3 |  48.7 | 900.9
       Dungeon | 100.0 | 100.0 |   3.1 |  35.3 |  48.7 | 900.9
               +-------+-------+-------+-------+-------+----------------------

Table legend:
 A = Kills in this place as a percentage of kills in entire the game.
 B = Kills by you in this place as a percentage of kills by you in the entire game.
 C = Kills by friends in this place as a percentage of kills by friends in the entire game.
 D = Other kills in this place as a percentage of other kills in the entire game.
 E = Experience gained in this place as a percentage of experience gained in the entire game.
 F = Experience gained in this place divided by the number of levels of this place that you have seen.
                   A       B       C       D       E      F
               +-------+-------+-------+-------+-------+----------------------
         Total | 100.0 | 100.0 |   N/A |   N/A | 100.0 | 390.4
       Dungeon | 100.0 | 100.0 |   N/A |   N/A | 100.0 | 390.4
               +-------+-------+-------+-------+-------+----------------------
